 Dungeon Crawl Stone Soup version 0.30.0-29-ga12c61a403 (webtiles) character file.

Game seed: 4375284748651312629

63 cdecastro the Caller (level 4, 0/30 HPs)
             Began as a Merfolk Summoner on June 10, 2023.
             Hit by a goblin thrown by Robin (2 damage)
             ... on level 2 of the Dungeon.
             The game lasted 00:06:20 (2117 turns).

cdecastro the Caller (Merfolk Summoner)             Turns: 2117, Time: 00:06:21

Health: 0/30       AC:  2    Str: 10    XL:     4   Next: 10%
Magic:  2/7        EV: 12    Int: 14    God:
Gold:   94         SH:  0    Dex: 14    Spells: 1/7 levels left

rFire   . . .        g - +0 dagger
rCold   . . .        (no shield)
rNeg    . . .        a - +0 robe
rPois   .            (no helmet)
rElec   .            (no cloak)
rCorr   .            (no gloves)
SInv    .            (no boots)
Will    .....        (no amulet)
Stlth   ++           (no ring)
HPRegen 0.25/turn    (no ring)
MPRegen 0.10/turn

%: no passive effects
@: very slightly contaminated
A: (nimble swimmer 2), mertail
a: no special abilities


You were on level 2 of the Dungeon.
You visited 1 branch of the dungeon, and saw 3 of its levels.

You collected 94 gold pieces.

Inventory:

Hand Weapons
 g - a +0 dagger (weapon)
Missiles
 e - 3 boomerangs (quivered)
Armour
 a - a +0 robe (worn)
Scrolls
 c - a scroll of identify {unknown}
 d - a scroll of fog {unknown}
 f - 2 scrolls of teleportation {unknown}
 i - a scroll of acquirement {unknown}
 j - 2 scrolls of poison {unknown}
Potions
 b - a potion of magic
 h - a potion of ambrosia {unknown}


   Skills:
 - Level 2.6 Dodging
 - Level 2.1 Stealth
 - Level 2.0 Spellcasting
 + Level 5.5 Summonings


You had one spell level left.
You knew the following spells:

 Your Spells              Type           Power      Damage    Failure   Level
a - Summon Small Mammal   Summ           68%        N/A       2%          1
b - Call Imp              Summ           34%        N/A       3%          2
c - Call Canine Familiar  Summ           17%        N/A       8%          3

Your spell library contained the following spells:

 Spells                   Type           Power      Damage    Failure   Level
 Summon Guardian Golem    Hex/Summ       9%         N/A       22%         3
 Ensorcelled Hibernation  Hex/Ice        2%         N/A       34%         2
 Passwall                 Tmut/Erth      0%         N/A       34%         2
 Swiftness                Air            1%         N/A       56%         3
 Summon Lightning Spire   Summ/Air       9%         N/A       58%         4


Dungeon Overview and Level Annotations

Branches:
Dungeon (3/15)

Altars:

Annotations:
D:2 Robin


Innate Abilities, Weirdness & Mutations

((You are very nimble when in or above water. (Stealth+, EV+, Speed+++)))
Your lower body shifts to a powerful aquatic tail in water.


Message History

Robin hits you with a +0 dagger.
You barely miss Robin.
Robin is heavily wounded.
Robin roars a battlecry!
The goblin goes into a battle-frenzy!
Casting: Call Imp (safe; 3% risk of failure)
Confirm with . or Enter, or press ? or * to list all spells.
Unknown command.
Casting: Summon Small Mammal (safe; 2% risk of failure)
Confirm with . or Enter, or press ? or * to list all spells.
You miscast Call Imp.
You are very lightly contaminated with residual magic.
Nothing appears to happen.
The goblin hits you with a +0 club.
Your rat barely misses Robin.
Unknown command.
Casting: Call Imp (safe; 3% risk of failure)
Confirm with . or Enter, or press ? or * to list all spells.
A tiny devil pulls itself out of the air.
Robin hits you with a +0 dagger.
* * * LOW HITPOINT WARNING * * *
The goblin closely misses you.
Your rat closely misses Robin.
Unknown command.
You barely miss Robin.
Robin is heavily wounded.
The goblin hits you with a +0 club.
* * * LOW HITPOINT WARNING * * *
Your rat completely misses Robin.
Your cerulean imp misses the goblin.
Unknown command.
You hit Robin.
Robin is severely wounded.
Robin hits you with a +0 dagger.
* * * LOW HITPOINT WARNING * * *
The goblin hits you with a +0 club.
* * * LOW HITPOINT WARNING * * *
Your rat bites Robin.
Your cerulean imp hits the goblin with a -3 spear.
Unknown command.
The goblin attacks as you move away! The goblin closely misses you.
Robin throws the goblin at you!
You die...

########
#...g..#############
'...g..'.[........>#
#..)...#####.#####.###
#...#### #.5..@g...#
#...# #.##g##.###
#...# #.##r##.# #...#
#.##.##.# #####
#.....#.# ###
#.#####.####.# #.#
#....).# #.# #.####.#
#.# #.# #.#


You could see Robin (ally target), a goblin (strong, ally target), a friendly
cerulean imp (summoned) and a friendly rat (summoned).

Vanquished Creatures
  A bat (D:1)
  2 endoplasms
  A giant cockroach (D:1)
  5 goblins
  3 hobgoblins
  3 jackals (D:1)
  A quokka (D:1)
  2 ball pythons
  2 frilled lizards (D:1)
  4 kobolds
  3 rats (D:1)
27 creatures vanquished.

Vanquished Creatures (collateral kills)
  An adder (D:2)
  A worm (D:2)
  2 giant cockroaches (D:1)
  4 goblins
  2 hobgoblins (D:1)
  4 jackals (D:1)
  2 ball pythons (D:1)
  2 bats (D:1)
  A rat (D:1)
19 creatures vanquished.

Grand Total: 46 creatures vanquished

Notes
Turn   | Place    | Note
-------+----------+-------------------------------------------
     0 | D:1      | cdecastro the Merfolk Summoner began the quest for the Orb.
     0 | D:1      | Reached XP level 1. HP: 13/13 MP: 3/3
   231 | D:1      | Reached XP level 2. HP: 18/19 MP: 1/5
   307 | D:1      | Learned a level 2 spell: Call Imp
   723 | D:1      | Reached XP level 3. HP: 12/24 MP: 3/6
   743 | D:1      | Reached skill level 5 in Summonings
   988 | D:1      | Learned a level 3 spell: Call Canine Familiar
  1920 | D:2      | Noticed Robin
  1924 | D:2      | Reached XP level 4. HP: 30/30 MP: 4/7
  2117 | D:2      | Hit by a goblin thrown by Robin

Illustrated notes

Levels and vault maps discovered:
D:1:      dpeg_arrival_castle, layout_basic
D:2:      layout_basic, uniq_robin
D:3:      layout_loops_ring, mainiacjoe_overflow_alcove_1

Skill      XL: |  1  2  3 |
---------------+----------+-----
Summonings     | 5 |  5.5
Dodging        | |  2.6
Stealth        | |  2.1
Spellcasting   | |  2.0

Action                     |  1- 3 |  4- 6 || total
---------------------------+-------+-------++-------
  Melee: Unarmed           |     9 |       ||     9
         Dagger            |   129 |    17 ||   146
         Punch             |     1 |       ||     1
  Throw: Boomerang         |    19 |       ||    19
   Cast: Summon Small Mamm |     8 |     1 ||     9
         Call Imp          |    12 |     3 ||    15
   Stab: Sleeping          |     1 |       ||     1
 Armour: Robe              |    24 |     3 ||    27
  Dodge: Dodged            |    98 |    22 ||   120
